 Dungeon Crawl Stone Soup version 0.17.1-2-g5865329 (webtiles) character file.

53 inmateoo the Insei (level 3, 0/23 HPs)
             Began as an Octopode Transmuter on Feb 13, 2016.
             Slain by a hound skeleton (3 damage)
             ... on level 3 of the Dungeon.
             The game lasted 00:01:57 (1645 turns).

inmateoo the Insei (Octopode Transmuter)            Turns: 1645, Time: 00:01:57

Health: 0/23       AC:  1    Str:  9    XL:     3   Next: 87%
Magic:  5/6        EV: 12    Int: 16    God:
Gold:   89         SH:  0    Dex: 12    Spells: 3 memorised, 0 levels left

rFire  . . .     SeeInvis .       - Unarmed
rCold  . . .     Clarity  .     (no shield)
rNeg   . . .     SustAt   .     (helmet restricted)
rPois  .         Gourm    .     (no amulet)
rElec  .         Spirit   .     (no ring)
rCorr  .         Warding  .     (no ring)
rMut   .         Stasis   .     (no ring)
MR     .....                    (no ring)
Stlth  ++........               (no ring)
                                (no ring)
                                (no ring)
                                (no ring)

@: appendage, not resistant to hostile enchantments, unstealthy
A: almost no armour, amphibious, 8 rings, constrict 8, tentacle spike 3,
camouflage 1, gelatinous body 1
a: End Transformation


You were on level 3 of the Dungeon.
You were not hungry.
One of your tentacles had a temporary spike.
You visited 1 branch of the dungeon, and saw 3 of its levels.

You collected 89 gold pieces.

Inventory:

Hand Weapons
 d - a +0 club
Missiles
 a - 12 arrows
Scrolls
 f - a scroll of blinking {unknown}
 h - 2 scrolls of recharging {unknown}
 k - a scroll of magic mapping {unknown}
 m - a scroll of identify {unknown}
 n - a scroll of enchant armour {unknown}
Potions
 e - a potion of lignification {unknown}
 g - a potion of heal wounds {unknown}
 j - a potion of agility {unknown}
 l - a potion of beneficial mutation {unknown}
Books
 b - a book of Changes

   Spells                             Type                      Level
   a - Beastly Appendage              Transmutation                1
   b - Sticks to Snakes               Transmutation                2
   c - Spider Form                    Transmutation/Poison         3
   d - Ice Form                       Ice/Transmutation            4
   e - Blade Hands                    Transmutation                5
Comestibles
 c - a bread ration
 i - a meat ration


   Skills:
 - Level 1.0 Fighting
 - Level 2.1 Dodging
 + Level 3.7 Unarmed Combat
 + Level 2.3 Spellcasting
 * Level 3.0 Transmutations


You couldn't memorise any spells.
You knew the following spells:

 Your Spells              Type           Power        Failure   Level  Hunger
a - Beastly Appendage     Trmt           ##....       8%          1    #......
b - Sticks to Snakes      Trmt           ##........   10%         2    ###....
c - Spider Form           Trmt/Pois      #.........   34%         3    ###....


Dungeon Overview and Level Annotations

Branches:
Dungeon (3/15)

Altars:
Trog


Innate Abilities, Weirdness & Mutations

You cannot wear most types of armour.
You are amphibious.
You can wear up to eight rings at the same time.
You can use your tentacles to constrict eight enemies at once.
Your skin changes colour to match your surroundings (Stealth).
Your rubbery body absorbs attacks (AC +1).
One of your tentacles bears a large vicious spike.


Message History

You climb downwards.
A hound skeleton comes into view.
There is a stone staircase leading up here.
Casting: Beastly Appendage
Confirm with . or Enter, or press ? or * to list all spells.
One of your tentacles grows a vicious spike.
You swing at nothing.
You tentacle-slap the hound skeleton. Your grab misses the hound skeleton.
You pierce the hound skeleton.
The hound skeleton bites you.
* * * LOW HITPOINT WARNING * * *
You tentacle-slap the hound skeleton. You grab the hound skeleton.
You squeeze the hound skeleton. You constrict the hound skeleton.
The hound skeleton bites you.
* * * LOW HITPOINT WARNING * * *
You tentacle-slap the hound skeleton.
You pierce the hound skeleton, but do no damage.
You constrict the hound skeleton. The hound skeleton misses you.
You tentacle-slap the hound skeleton.
You pierce the hound skeleton.
You constrict the hound skeleton. The hound skeleton bites you.
You die...

### ..#
#.# #.#
#@# #Z#
........#
#.#Z#####


You could see a hound skeleton.

Vanquished Creatures
  An adder (D:2)
  2 giant geckos
  9 bats
  2 giant cockroaches
  5 hobgoblins
  8 kobolds
  A quokka (D:2)
  A ball python (D:1)
  2 giant newts (D:1)
  5 goblins
  2 rats (D:1)
38 creatures vanquished.

Notes
Turn   | Place    | Note
--------------------------------------------------------------
     0 | D:1      | inmateoo the Octopode Transmuter began the quest for the Orb.
     0 | D:1      | Reached XP level 1. HP: 13/13 MP: 3/3
   112 | D:1      | Reached XP level 2. HP: 2/18 MP: 5/5
   951 | D:1      | Reached XP level 3. HP: 19/23 MP: 6/6
  1216 | D:2      | Learned a level 2 spell: Sticks to Snakes
  1220 | D:2      | Learned a level 3 spell: Spider Form
  1291 | D:2      | Found a bloodstained altar of Trog.
  1557 | D:2      | HP: 1/23 [kobold/short sword (3)]
  1645 | D:3      | Slain by a hound skeleton

Action                   || total
-------------------------++-------
Melee: Unarmed           ||    98
 Cast: Beastly Appendage ||     5
 Stab: Sleeping          ||     3
  Eat: Chunk             ||     2
